Map: 2000 Atmospheres LE

Players

Cure - Winner!

  • Race: Terran Terran

Neeb

  • Race: Protoss Protoss

Event: IEM Katowice 2022

VOD

Have the link to the VOD?

Description

Time

  • Played on: Feb. 24, 2022, 6:24 a.m.
  • Length: 3:59

All games in this series

Show
View Real Time Build Order
Export as new Build Order

Cure Terran - Winner!

Build Orders:  

Get SALT Encoding   

  12  0:00  SCV  
  13  0:12  SCV  
  14  0:18  Supply Depot  
  14  0:24  SCV  
  15  0:40  Barracks  
  15  0:50  Barracks  
  15  0:56  Refinery  
  15  1:00  SCV  
  16  1:12  SCV  
  17  1:26  Orbital Command  
  17  1:29  Barracks Tech Lab  
  17  1:38  Barracks Tech Lab  
  17  1:40  Supply Depot  
  17  1:48  Marauder  
  20  1:57  Marauder  
  20  1:59  SCV  
  22  2:09  Marauder  
  25  2:19  Marauder  
  25  2:20  Supply Depot  
  26  2:23  SCV  
  27  2:30  Marauder  
  28  2:40  Marauder  
  28  2:52  Marauder  
  28  2:53  SCV  
  28  2:55  Supply Depot  
  31  3:05  Marauder  
  30  3:10  SCV  
  29  3:17  Marauder  
  24  3:22  SCV  
  25  3:34  SCV  
  24  3:46  SCV  
Show
View Real Time Build Order
Export as new Build Order

Neeb Protoss 

Build Orders:  

Get SALT Encoding   

  12  0:00  Probe  
  13  0:12  Probe  
  14  0:19  Pylon  
  14  0:24  Probe  
  15  0:37  Probe (Chrono Boost)  
  15  0:38  Gateway  
  16  0:46  Probe (Chrono Boost)  
  16  0:47  Assimilator  
  17  0:51  Probe (Chrono Boost)  
  18  1:03  Probe  
  19  1:15  Probe  
  20  1:22  Pylon  
  20  1:25  Cybernetics Core, Zealot  
  22  1:27  Probe  
  24  1:40  Probe  
  26  1:56  Nexus  
  26  1:57  Probe  
  26  1:59  Adept (Chrono Boost)  
  25  2:06  Assimilator  
  27  2:09  Probe  
  28  2:19  Pylon  
  28  2:21  Probe  
  29  2:23  Stalker (Chrono Boost)  
  31  2:37  Probe  
  31  2:41  Shield Battery  
  28  3:08  Pylon  
  28  3:11  Stalker (Chrono Boost)  
  16  3:27  Probe x2  

Tags
 
Add a new tag
Caveats
  • Supply blocks, unpowered buildings, or Contaminate may cause inaccurate times.
  • Supply counts are checked every 10 seconds.